Workbook
Name a1_Y1: [2]CONFIGURACIÓN!$D$17
Name a1_Y2: [2]CONFIGURACIÓN!$E$17
Name a10_Y10: [2]CONFIGURACIÓN!$M$26
Name a10_Y11: [2]CONFIGURACIÓN!$N$26
Name a2_Y2: [2]CONFIGURACIÓN!$E$18
Name a2_Y3: [2]CONFIGURACIÓN!$F$18
Name a3_Y3: [2]CONFIGURACIÓN!$F$19
Name a3_Y4: [2]CONFIGURACIÓN!$G$19
Name a4_Y4: [2]CONFIGURACIÓN!$G$20
Name a4_Y5: [2]CONFIGURACIÓN!$H$20
Name a5_Y5: [2]CONFIGURACIÓN!$H$21
Name a5_Y6: [2]CONFIGURACIÓN!$I$21
Name a6_Y6: [2]CONFIGURACIÓN!$I$22
Name a6_Y7: [2]CONFIGURACIÓN!$J$22
Name a7_Y7: [2]CONFIGURACIÓN!$J$23
Name a7_Y8: [2]CONFIGURACIÓN!$K$23
Name a8_Y8: [2]CONFIGURACIÓN!$K$24
Name a8_Y9: [2]CONFIGURACIÓN!$L$24
Name a9_Y10: [2]CONFIGURACIÓN!$M$25
Name a9_Y9: [2]CONFIGURACIÓN!$L$25
Name ALMUERZO: '[3]Resumen Preparaciones'!$C$52:$C$113
Name almuerzocena: '[3]Resumen Preparaciones'!$C$52:$C$141
Name año1: [2]CONFIGURACIÓN!$F$9
Name APLICA: #REF!
Name APLICA.: #REF!
Name bbb: [4]lista!$A$11:$A$13
Name CALENDARIO: [2]CALENDARIO!$B$6:$H$161
Name Calidad: [5]PERSONAL!$P$58
Name Campamento: [5]PERSONAL!$P$122
Name Comercio: [6]OCULTAR!$F$14:$G$17
Name Decision: [4]lista!$A$6:$A$7
Name dependencia: '[7]Datos Inciales'!$B$5:$B$30
Name desayuno: '[3]Resumen Preparaciones'!$C$5:$C$50
Name DESAYUNOS: '[3]Resumen Preparaciones'!$C$5:$C$33
Name Ensayos: [5]PERSONAL!$P$100
Name Estrategia: [8]Tablas!$F$2:$F$34
Name EUR: '[2]DATOS ENTRADA'!$E$2
Name fecha_fin_servicio: [2]CONFIGURACIÓN!$C$10
Name fecha_inicio_servicio: [2]CONFIGURACIÓN!$C$9
Name Fuente: [8]Tablas!$D$2:$D$10
Name FUENTES: '[7]Datos Inciales'!$B$40:$B$49
Name GRUPO: #REF!
Name horas_jornada: [2]CONFIGURACIÓN!$C$12
Name horas_ubicacion1: [2]CONFIGURACIÓN!$C$47
Name horas_ubicacion2: [2]CONFIGURACIÓN!$C$48
Name horas_ubicacion3: [2]CONFIGURACIÓN!$C$49
Name horas_ubicacion4: [2]CONFIGURACIÓN!$C$50
Name horas_ubicacion5: [2]CONFIGURACIÓN!$C$51
Name horas_ubicacion6: [2]CONFIGURACIÓN!$C$52
Name horas_ubicacion7: [2]CONFIGURACIÓN!$C$53
Name Info_Prazo_do_contrato: [9]Seletor!$C$13
Name IVASobreUtilidad: [5]IMPUESTOS!$E$16
Name lista_hnp: '[2]COSTES NO SSPP'!$B$24:$B$33
Name lista_lineas_reparto: '[2]HW&SW'!$C$314:$C$324
Name lista_localizaciones: [2]CONFIGURACIÓN!$B$47:$B$53
Name lista_paises: '[2]DATOS MAESTROS'!$B$13:$B$39
Name lista_perfiles_esp: [2]TASAS!$D$7:$D$198
Name lista_perfiles_resto: [2]TASAS!$B$330:$B$450
Name M: [6]OCULTAR!$B$14:$B$17
Name Manufacturero: [6]OCULTAR!$B$14:$C$17

Sheet Ofertas Recibidas
D2: República de Colombia
D3: Instituto Colombiano de Antropología e Historia EVALUACIÓN ECONOMICA SASIE-ICANH-001-2026
D4: OFERTAS RECIBIDAS
B6: Objeto | D6: Suministrar los pasajes aéreos en rutas nacionales e internacionales para los funcionarios, contratistas e invitados especiales del Instituto Colombiano de Antropología e Historia - ICANH; que se requieran en ejercicio de sus funciones y actividades
B8: Presupuesto | D8: 421195645
B10: Oferta | C10: EMPRESA | F10: VALOR OFERTADO FORMATO | G10: ESTADO REQUISITOS HABILITANTES | H10: VERIFICACIÓN ECONOMICA | I10: OBSERVACIÓN
A11: =RANK(F11,$F$11:$F$14,1)+COUNTIF($F$11:F11,F11)-1 -> 2 | B11: Oferta 1 | C11: ='1'!C10 -> NOVATOURS LTDA | F11: ='1'!J36 -> 924856 | G11: Cumple | H11: Cumple | I11: =Subasta!I12 -> Se requirió aclaración por presunción de precios artificialmente bajos. El proponente presentó oportunamente la justificación solicitada, la cual fue analizada por la Entidad, concluyéndose que cumple con los aspectos económicos evaluados.
A12: =RANK(F12,$F$11:$F$14,1)+COUNTIF($F$11:F12,F12)-1 -> #VALUE! | B12: Oferta 2 | C12: ='2'!C10 -> EUROAMERICAN TRAVEL SAS | F12: ='2'!J36 -> N/A | G12: Rechazado | H12: N/A | I12: Rechazado Tecnicamente - Ver Evaluacion Tecnica
A13: =RANK(F13,$F$11:$F$14,1)+COUNTIF($F$11:F13,F13)-1 -> 1 | B13: Oferta 3 | C13: ='3'!C10 -> FESTIVAL TOURS SAS | F13: ='3'!J36 -> 897826 | G13: Cumple | H13: Cumple | I13: =Subasta!I13 -> Se requirió aclaración por presunción de precios artificialmente bajos. El proponente presentó oportunamente la justificación solicitada, la cual fue analizada por la Entidad, concluyéndose que cumple con los aspectos económicos evaluados.
A14: =RANK(F14,$F$11:$F$14,1)+COUNTIF($F$11:F14,F14)-1 -> 3 | B14: Oferta 4 | C14: ='4'!C10 -> JE TOURS | F14: ='4'!J36 -> 924856 | G14: Cumple | H14: Cumple | I14: =Subasta!I14 -> Se requirió aclaración por presunción de precios artificialmente bajos. El proponente presentó oportunamente la justificación solicitada, la cual fue analizada por la Entidad, concluyéndose que cumple con los aspectos económicos evaluados.
B17: ORDEN DE LAS OFERTAS ECONÓMICAS HABILITADAS PARA EL INICIO DE LA SUBASTA INVERSA
C19: Posición | D19: EMPRESA | G19: VALOR OFERTADO
C20: Posición 1 | D20: =VLOOKUP(RIGHT(C20,1)*1,$A$11:$I$14,3,0) -> FESTIVAL TOURS SAS | G20: =VLOOKUP(RIGHT(C20,1)*1,$A$11:$I$14,6,0) -> 897826
C21: Posición 2 | D21: =VLOOKUP(RIGHT(C21,1)*1,$A$11:$I$14,3,0) -> NOVATOURS LTDA | G21: =VLOOKUP(RIGHT(C21,1)*1,$A$11:$I$14,6,0) -> 924856
C22: Posición 3 | D22: =VLOOKUP(RIGHT(C22,1)*1,$A$11:$I$14,3,0) -> JE TOURS | G22: =VLOOKUP(RIGHT(C22,1)*1,$A$11:$I$14,6,0) -> 924856
B24: De conformidad con la verificación de los requisitos habilitantes, únicamente tres (3) proponentes fueron habilitados para continuar en la evaluación económica, toda vez que la propuesta presentada por EUROAMERICAN TRAVEL SAS fue rechazada durante la etapa de verificación de requisitos habilitantes. De las ofertas habilitadas, la presentada por FESTIVAL TOURS SAS, por un valor ofertado de $897.826, corresponde a la oferta inicial de menor valor. En consecuencia, esta oferta constituye la base para el inicio de la subasta inversa electrónica, en la cual los proponentes habilitados podrán presentar lances de mejora, de conformidad con lo establecido en el pliego de condiciones. La posición definitiva de los proponentes y el orden de elegibilidad se determinarán una vez concluya la etapa de subasta y se consoliden los valores finales ofertados.
C27: EVALUO
C28: NOMBRE DEL PROFESIONAL | E28: NELSON ARGUELLEZ ARGUELLEZ PALACIOS
C29: CARGO | E29: CONTRATISTA
C31: REVISO
C32: NOMBRE DEL PROFESIONAL | E32: LUCIANO ALFONSO PINILLA PEDRAZA
C33: CARGO | E33: CONTRATISTA

Sheet Subasta
D2: República de Colombia
D3: Instituto Colombiano de Antropología e Historia EVALUACIÓN ECONOMICA SASIE-ICANH-001-2026
D4: OFERTAS FINALES SUBASTA
B6: Objeto | D6: Suministrar los pasajes aéreos en rutas nacionales e internacionales para los funcionarios, contratistas e invitados especiales del Instituto Colombiano de Antropología e Historia - ICANH; que se requieran en ejercicio de sus funciones y actividades
B8: Presupuesto | D8: 421195645
B9: Base Subasta | D9: 924856
B11: Oferta | C11: EMPRESA | F11: VALOR OFERTADO FORMATO | G11: VALOR EN SUBASTA | H11: DESCUENTO | I11: OBSERVACIONES
A12: =RANK(G12,$G$12:$G$14,1)+COUNTIF($G$12:G12,G12)-1 -> 3 | B12: Oferta 1 | C12: ='1'!C10 -> NOVATOURS LTDA | F12: ='1'!J36 -> 924856 | G12: ='1'!M36 -> 603390 | H12: =1-(G12/F12) -> 0.34758492 | I12: Se requirió aclaración por presunción de precios artificialmente bajos. El proponente presentó oportunamente la justificación solicitada, la cual fue analizada por la Entidad, concluyéndose que cumple con los aspectos económicos evaluados.
A13: =RANK(G13,$G$12:$G$14,1)+COUNTIF($G$12:G13,G13)-1 -> 2 | B13: Oferta 3 | C13: ='3'!C10 -> FESTIVAL TOURS SAS | F13: ='3'!J36 -> 897826 | G13: ='3'!M36 -> 93999.688 | H13: =1-(G13/F13) -> 0.895303 | I13: Se requirió aclaración por presunción de precios artificialmente bajos. El proponente presentó oportunamente la justificación solicitada, la cual fue analizada por la Entidad, concluyéndose que cumple con los aspectos económicos evaluados.
A14: =RANK(G14,$G$12:$G$14,1)+COUNTIF($G$12:G14,G14)-1 -> 1 | B14: Oferta 4 | C14: ='4'!C10 -> JE TOURS | F14: ='4'!J36 -> 924856 | G14: ='4'!M36 -> 92000.07 | H14: =1-(G14/F14) -> 0.90052498 | I14: Se requirió aclaración por presunción de precios artificialmente bajos. El proponente presentó oportunamente la justificación solicitada, la cual fue analizada por la Entidad, concluyéndose que cumple con los aspectos económicos evaluados.
B17: ORDEN DE ELEGIBILIDAD
C19: Posición | D19: EMPRESA | G19: VALOR OFERTADO | H19: ESTADO
C20: Posición 1 | D20: =VLOOKUP(RIGHT(C20,1)*1,$A$12:$I$14,3,0) -> JE TOURS | G20: =VLOOKUP(RIGHT(C20,1)*1,$A$12:$I$14,7,0) -> 92000.07 | H20: CUMPLE
C21: Posición 2 | D21: =VLOOKUP(RIGHT(C21,1)*1,$A$12:$I$14,3,0) -> FESTIVAL TOURS SAS | G21: =VLOOKUP(RIGHT(C21,1)*1,$A$12:$I$14,7,0) -> 93999.688 | H21: CUMPLE
C22: Posición 3 | D22: =VLOOKUP(RIGHT(C22,1)*1,$A$12:$I$14,3,0) -> NOVATOURS LTDA | G22: =VLOOKUP(RIGHT(C22,1)*1,$A$12:$I$14,7,0) -> 603390 | H22: CUMPLE
B24: 07/07/2026 - De acuerdo con el desarrollo de la subasta inversa electrónica y los lances efectuados por los proponentes habilitados, el orden de elegibilidad se establece conforme a los valores finales ofertados, ubicándose en primer lugar JE TOURS con una oferta de NOVENTA Y DOS MIL PESOS ($92.000), en segundo lugar FESTIVAL TOURS S.A.S. con una oferta de NOVENTA Y CUATRO MIL PESOS ($94.000) y en tercer lugar NOVATOURS LTDA. con una oferta de SEISCIENTOS TRES MIL TRESCIENTOS NOVENTA PESOS ($603.390). No obstante, como resultado de la aplicación de la metodología de comparación absoluta prevista en la Guía para el Manejo de Ofertas Artificialmente Bajas en Procesos de Contratación de Colombia Compra Eficiente, se evidenció que las ofertas presentadas por JE TOURS, FESTIVAL TOURS S.A.S. y NOVATOURS LTDA. se encuentran por debajo del umbral correspondiente al ochenta por ciento (80%) del costo estimado por la Entidad, configurándose la presunción de precios artificialmente bajos. En consecuencia, y previo a la consolidación definitiva del orden de elegibilidad y a la recomendación de adjudicación, la Entidad solicitará a los citados proponentes las aclaraciones y justificaciones a que haya lugar, con el fin de verificar que sus ofertas se encuentran debidamente soportadas desde el punto de vista técnico, económico y financiero, de conformidad con lo previsto en el pliego de condiciones y en las recomendaciones contenidas en la Guía para el Manejo de Ofertas Artificialmente Bajas de Colombia Compra Eficiente. Los proponentes deberán presentar las aclaraciones y/o justificaciones requeridas a través de la plataforma SECOP II, a más tardar el día 8 de julio de 2026, hasta las 12:00 horas.
B25: 08/07/2026 - Dentro del término otorgado por la Entidad, los proponentes NOVATOURS LTDA., JE TOURS y FESTIVAL TOURS S.A.S. presentaron, a través de la plataforma SECOP II, las aclaraciones y/o justificaciones requeridas. Analizada la información y los documentos aportados por cada uno de los proponentes, la Entidad concluye que las ofertas presentadas se encuentran debidamente soportadas desde el punto de vista técnico, económico y financiero, razón por la cual continúan dentro del proceso de selección, de conformidad con la metodología prevista en la Guía para el Manejo de Ofertas Artificialmente Bajas en Procesos de Contratación de Colombia Compra Eficiente.
C27: EVALUO
C28: NOMBRE DEL PROFESIONAL | E28: NELSON ARGUELLEZ ARGUELLEZ PALACIOS
C29: CARGO | E29: CONTRATISTA
C31: REVISO
C32: NOMBRE DEL PROFESIONAL | E32: LUCIANO ALFONSO PINILLA PEDRAZA
C33: CARGO | E33: CONTRATISTA

Sheet VALIDACION
A1: NOVATOURS LTDA | B1: 1
A2: FESTIVAL TOURS SAS | B2: 3
A3: JE TOURS | B3: 4

Sheet TarifasContrato
B1: República de Colombia Instituto Colombiano de Antropología e Historia (ICANH)
B5: VALORES FINALES PARA CONTRATO
B6: Objeto: Suministrar los pasajes aéreos en rutas nacionales e internacionales para los funcionarios, contratistas e invitados especiales del Instituto Colombiano de Antropología e Historia - ICANH; que se requieran en ejercicio de sus funciones y actividades.
B8: TARIFA ADMINISTRATIVA NACIONAL PARA TIQUETES EXPEDIDOS A TRAVÉS DE PLATAFORMA TECNOLÓGICA
B10: PROPONENTE GANADOR | E10: JE TOURS
E12: PRECIO TECHO
B13: Tarifa | E13: Tarifa administrativa en COP antes de IVA | F13: IVA en COP | G13: Tarifa administrativa IVA incluido en COP
B14: Tarifa Administrativa nacional one way | E14: {=(INDIRECT("'"&VLOOKUP($E$10,OFERENTES,2,0)&"'!L22")*1)/1.19} -> 4300.6613 | F14: =ROUND(E14*19%,0) -> 817 | G14: =ROUND((E14+F14),0) -> 5118
B15: Tarifa Administrativa nacional round trip | E15: {=(INDIRECT("'"&VLOOKUP($E$10,OFERENTES,2,0)&"'!L23")*1)/1.19} -> 7349.6938 | F15: =ROUND(E15*19%,0) -> 1396 | G15: =ROUND((E15+F15),0) -> 8746
B17: TARIFA ADMINISTRATIVA INTERNACIONAL EXPEDIDOS A TRAVÉS DE PLATAFORMA TECNOLÓGICA
B19: Tasa Representativa del Mercado- TRM - Para calculo oferta | E19: 3667.06
D21: PRECIO TECHO
B22: Tarifa | D22: Tarifa administrativa en USD | E22: Tarifa en USD convertida a pesos colombianos | F22: IVA en COP | G22: Tarifa en USD convertida a pesos colombianos incluido IVA
B23: Tarifa Administrativa internacional menores o iguales a USD 354 | D23: {=(INDIRECT("'"&VLOOKUP($E$10,OFERENTES,2,0)&"'!N31")*1)} -> 1.4921237 | E23: =(D23*$E$19) -> 5471.7071 | F23: 0.19 | G23: =(E23+(E23*F23)) -> 6511.3315
B24: Tarifa Administrativa internacional mayores de USD 354 hasta USD 590 | D24: {=(INDIRECT("'"&VLOOKUP($E$10,OFERENTES,2,0)&"'!N32")*1)} -> 2.6858318 | E24: =(D24*$E$19) -> 9849.1063 | F24: 0.19 | G24: =(E24+(E24*F24)) -> 11720.436
B25: Tarifa Administrativa internacional mayores de USD 590 hasta USD 944 | D25: {=(INDIRECT("'"&VLOOKUP($E$10,OFERENTES,2,0)&"'!N33")*1)} -> 4.4763711 | E25: =(D25*$E$19) -> 16415.121 | F25: 0.19 | G25: =(E25+(E25*F25)) -> 19533.994
B26: Tarifa Administrativa internacional mayores a USD 944 | D26: {=(INDIRECT("'"&VLOOKUP($E$10,OFERENTES,2,0)&"'!N34")*1)} -> 9.2511806 | E26: =(D26*$E$19) -> 33924.634 | F26: 0.19 | G26: =(E26+(E26*F26)) -> 40370.315
B28: SUMATORIA TARIFAS ADMINISTRATIVAS TECHO EN COP IVA INCLUIDO | G28: =SUM(G23:G26,G14:G15) -> 92000.077

Sheet Precios Artif Bajos (V2)
C2: República de Colombia
C3: ='Ofertas Recibidas'!D3 -> Instituto Colombiano de Antropología e Historia EVALUACIÓN ECONOMICA SASIE-ICANH-001-2026
C4: Solicitud Aclaración Precios Artificialmente Bajos - PostSubasta
B6: ="OBJETO: "&'Ofertas Recibidas'!D6 -> OBJETO: Suministrar los pasajes aéreos en rutas nacionales e internacionales para los funcionarios, contratistas e invitados especiales del Instituto Colombiano de Antropología e Historia - ICANH; que se requieran en ejercicio de sus funciones y actividades
B7: Con fundamento en los valores finales obtenidos como resultado de la subasta inversa electrónica, la Entidad realizó la verificación de la posible existencia de ofertas con presuntos precios artificialmente bajos, de conformidad con la metodología establecida en la Guía para el Manejo de Ofertas Artificialmente Bajas en Procesos de Contratación de Colombia Compra Eficiente, a efectos de determinar la procedencia de solicitar las aclaraciones a que haya lugar. Dentro de la GUÍA PARA EL MANEJO DE OFERTAS ARTIFICIALMENTE BAJAS EN PROCESOS DE CONTRATACIÓN diseñada por la Colombia Compra Eficiente se establece:
B8: “2.1.1. Comparación Absoluta: Se recomienda su utilización cuando desde la fase de planeación existe claridad sobre el precio o costos para la entrega de los bienes, servicios u obras que se están contratando, y cuando en el desarrollo del proceso de selección recibe menos de 5 ofertas. Para la comparación, la entidad contrasta la variación del valor de cada oferta con el costo estimado de la provisión del bien o servicio de acuerdo con el Estudio del Sector, para lo cual podrá utilizar la siguiente fórmula:
B11: Donde Vo es la variación de la oferta del proveedor con respecto al precio estimado por la Entidad Estatal P es el precio estimado por la entidad estatal o es el precio ofrecido por el proponente La Entidad Estatal debe solicitar aclaración a los proponentes cuyas ofertas sean inferiores o iguales al ochenta por ciento (80%) del costo total estimado por la Entidad Estatal, equivalente a una variación del veinte por ciento (20%) o más respecto del presupuesto oficial.
B13: SUMATORIA UNITARIOS TECHO | C13: 924856
B14: 0.2 | C14: =+C13*(1-20%) -> 739884.8
B16: OFERENTE | D16: VALOR FINAL SUBASTA | E16: VARIACIÓN RESPECTO AL PRESUPUESTO | F16: SE REQUIERE?
B17: ='Ofertas Recibidas'!C11 -> NOVATOURS LTDA | D17: =Subasta!G12 -> 603390 | E17: =+(($C$13-D17)/$C$13)*100% -> 0.34758492 | F17: SI
B18: ='Ofertas Recibidas'!C12 -> EUROAMERICAN TRAVEL SAS | D18: ='Ofertas Recibidas'!F12 -> N/A | E18: N/A | F18: NO
B19: ='Ofertas Recibidas'!C13 -> FESTIVAL TOURS SAS | D19: =Subasta!G13 -> 93999.688 | E19: =+(($C$13-D19)/$C$13)*100% -> 0.89836289 | F19: SI
B20: ='Ofertas Recibidas'!C14 -> JE TOURS | D20: =Subasta!G14 -> 92000.07 | E20: =+(($C$13-D20)/$C$13)*100% -> 0.90052498 | F20: SI
B22: Como resultado de la verificación efectuada sobre los valores finales obtenidos en la subasta inversa electrónica, se evidenció que las ofertas presentadas por los proponentes NOVATOURS LTDA., FESTIVAL TOURS S.A.S. y JE TOURS se encuentran por debajo del umbral equivalente al ochenta por ciento (80%) del costo estimado por la Entidad. En consecuencia, de conformidad con la metodología contenida en la Guía para el Manejo de Ofertas Artificialmente Bajas en Procesos de Contratación de Colombia Compra Eficiente, procede solicitar a dichos proponentes las aclaraciones y justificaciones correspondientes, con el fin de determinar si sus ofertas se encuentran debidamente soportadas desde el punto de vista técnico, económico y financiero. Para tal efecto, los proponentes deberán presentar las aclaraciones y/o justificaciones requeridas a través de la plataforma SECOP II, a más tardar el día día 8 de julio de 2026, hasta las 12:00 horas.
B23: EVALUO
B24: NOMBRE DEL PROFESIONAL | D24: NELSON ARGUELLEZ ARGUELLEZ PALACIOS
B25: CARGO | D25: CONTRATISTA
B27: REVISO
B28: NOMBRE DEL PROFESIONAL | D28: LUCIANO ALFONSO PINILLA PEDRAZA
B29: CARGO | D29: CONTRATISTA

Sheet Precios Artif Bajos
C2: República de Colombia
C3: ='Ofertas Recibidas'!D3 -> Instituto Colombiano de Antropología e Historia EVALUACIÓN ECONOMICA SASIE-ICANH-001-2026
C4: Solicitud Aclaración Precios Artificialmente Bajos
B6: ="OBJETO: "&'Ofertas Recibidas'!D6 -> OBJETO: Suministrar los pasajes aéreos en rutas nacionales e internacionales para los funcionarios, contratistas e invitados especiales del Instituto Colombiano de Antropología e Historia - ICANH; que se requieran en ejercicio de sus funciones y actividades
B7: Como medida preventiva, durante la etapa de apertura de sobres se realizó un ejercicio preliminar de verificación de la posible existencia de precios artificialmente bajos. No obstante, considerando que en los procesos de selección mediante subasta inversa este análisis debe efectuarse con base en los valores resultantes de la puja, una vez finalizada la subasta se realizará nuevamente la verificación correspondiente, con el fin de identificar si se configura alguna presunción de precios artificialmente bajos de conformidad con la metodología aplicable. Dentro de la GUÍA PARA EL MANEJO DE OFERTAS ARTIFICIALMENTE BAJAS EN PROCESOS DE CONTRATACIÓN diseñada por la Colombia Compra Eficiente se establece:
B8: “2.1.1. Comparación Absoluta: Se recomienda su utilización cuando desde la fase de planeación existe claridad sobre el precio o costos para la entrega de los bienes, servicios u obras que se están contratando, y cuando en el desarrollo del proceso de selección recibe menos de 5 ofertas. Para la comparación, la entidad contrasta la variación del valor de cada oferta con el costo estimado de la provisión del bien o servicio de acuerdo con el Estudio del Sector, para lo cual podrá utilizar la siguiente fórmula:
B11: Donde Vo es la variación de la oferta del proveedor con respecto al precio estimado por la Entidad Estatal P es el precio estimado por la entidad estatal o es el precio ofrecido por el proponente La Entidad Estatal debe solicitar aclaración a los proponentes cuyas ofertas sean inferiores o iguales al ochenta por ciento (80%) del costo total estimado por la Entidad Estatal, equivalente a una variación del veinte por ciento (20%) o más respecto del presupuesto oficial.
B13: SUMATORIA UNITARIOS TECHO | C13: 924856
B14: 0.2 | C14: =+C13*(1-20%) -> 739884.8
B16: OFERENTE | D16: VALOR OFERTA | E16: VARIACIÓN RESPECTO AL PRESUPUESTO | F16: SE REQUIERE?
B17: ='Ofertas Recibidas'!C11 -> NOVATOURS LTDA | D17: ='Ofertas Recibidas'!F11 -> 924856 | E17: =+(($C$13-D17)/$C$13)*100% -> 0 | F17: NO
B18: ='Ofertas Recibidas'!C12 -> EUROAMERICAN TRAVEL SAS | D18: ='Ofertas Recibidas'!F12 -> N/A | E18: N/A | F18: NO
B19: ='Ofertas Recibidas'!C13 -> FESTIVAL TOURS SAS | D19: ='Ofertas Recibidas'!F13 -> 897826 | E19: =+(($C$13-D19)/$C$13)*100% -> 0.029226171 | F19: NO
B20: ='Ofertas Recibidas'!C14 -> JE TOURS | D20: ='Ofertas Recibidas'!F14 -> 924856 | E20: =+(($C$13-D20)/$C$13)*100% -> 0 | F20: NO
B22: En esta etapa no se requiere solicitar aclaraciones por presuntos precios artificialmente bajos, toda vez que las ofertas presentadas por los proponentes no sobrepasan el valor mínimo aceptable, de acuerdo con las recomendaciones de Colombia Compra Eficiente.
B23: EVALUO
B24: NOMBRE DEL PROFESIONAL | D24: NELSON ARGUELLEZ ARGUELLEZ PALACIOS
B25: CARGO | D25: CONTRATISTA
B27: REVISO
B28: NOMBRE DEL PROFESIONAL | D28: LUCIANO ALFONSO PINILLA PEDRAZA
B29: CARGO | D29: CONTRATISTA

Sheet 1
B3: República de Colombia Instituto Colombiano de Antropología e Historia (ICANH)
B7: Formato de Oferta Económica
B8: Objeto: Suministrar los pasajes aéreos en rutas nacionales e internacionales para los funcionarios, contratistas e invitados especiales del Instituto Colombiano de Antropología e Historia - ICANH; que se requieran en ejercicio de sus funciones y actividades.
B10: EMPRESA: | C10: NOVATOURS LTDA | E10: NIT: | F10: 800.003.442-8 | H10: FECHA: | I10: 46198
B11: CONTACTO: | C11: John Duarte Rueda | E11: CARGO: | F11: Representante legal suplente | H11: CELULAR:
B12: E-MAIL: | C12: jduarte@novatours.com.co | E12: DIRECCIÓN: | F12: Calle 98 No. 8 -19 Ofc. 102 | H12: TEL. FIJO: | I12: 6017940525
B14: INSTRUCCIONES PARA EL DILIGENCIAMIENTO DEL FORMATO
B15: • Por favor diligenciar solo las celdas en AZUL. • Revisar todos los requerimientos que señalados por la Entidad en los documentos publicados; y formular su propuesta económica en concordancia con éstos, garantizando que los bienes y/o servicios ofrecidos cumplan en su totalidad con las especificaciones técnicas descritas. • Los precios de la propuesta económica para la tarifa administrativa nacional deben diligenciarse en PESOS COLOMBIANOS (COP), los precios para la tarifa administrativa internacional deben diligenciarse en DÓLARES, sin embargo, para efectos de determinar la sumatoria de todas las tarifas en PESOS COLOMBIANOS, los valores en DÓLARES se multiplicarán por la TRM del día 26 de mayo de 2026, siendo el último dato de referencia a la fecha. El valor de la TRM se ubica en la celda E27. Es importante mencionar que durante la ejecución del contrato, la tarifa administrativa Internacional será liquidada a la TRM del día en que se realice la reserva. • Los precios ofertados no podrán exceder los valores unitarios de los Precio Techo establecidos por la entidad. • Los precios deberán aproximarse por exceso o por defecto al entero más cercano así: (i) si es igual o superior a 50 centavos, se aproxima al entero siguiente; (ii) si es inferior a 50 centavos se baja al entero anterior. • No se debe modificar, agregar o quitar ningún ítem o sub-ítem. • Se deben ofertar todos los ítems requeridos por la Entidad establecidos en el presente formato. • Ningún item de la propuesta económica se debe diligenciar en cero (0), so pena de ser rechazada la propuesta.
B17: TARIFA ADMINISTRATIVA NACIONAL PARA TIQUETES EXPEDIDOS A TRAVÉS DE PLATAFORMA TECNOLÓGICA
L19: DESCUENTO FINAL | M19: 0.34758492
E20: PRECIO TECHO | H20: PRECIO OFERTADO
B21: Tarifa | E21: Tarifa administrativa en COP antes de IVA | F21: IVA en COP | G21: Tarifa administrativa IVA incluido en COP | H21: Tarifa administrativa en COP antes de IVA | I21: IVA en COP | J21: Tarifa administrativa IVA incluido en COP | L21: =J21 -> Tarifa administrativa IVA incluido en COP | M21: TARIFA EN PESOS - SUBASTA
B22: Tarifa Administrativa nacional one way | E22: 43234 | F22: =ROUND(E22*19%,0) -> 8214 | G22: =ROUND((E22+F22),0) -> 51448 | H22: 43234 | I22: =ROUND(H22*19%,0) -> 8214 | J22: =ROUND((H22+I22),0) -> 51448 | L22: =G22*(1-$M$19) -> 33565.451 | M22: =ROUND(L22,0) -> 33565
B23: Tarifa Administrativa nacional round trip | E23: 73885 | F23: =ROUND(E23*19%,0) -> 14038 | G23: =ROUND((E23+F23),0) -> 87923 | H23: 73885 | I23: =ROUND(H23*19%,0) -> 14038 | J23: =ROUND((H23+I23),0) -> 87923 | L23: =G23*(1-$M$19) -> 57362.291 | M23: =ROUND(L23,0) -> 57362
B25: TARIFA ADMINISTRATIVA INTERNACIONAL EXPEDIDOS A TRAVÉS DE PLATAFORMA TECNOLÓGICA
B27: Tasa Representativa del Mercado- TRM del día en que se publique el acto administrativo de apertura del proceso | E27: 3667.06
C29: PRECIO TECHO | G29: PRECIO OFERTADO
B30: Tarifa | C30: Tarifa administrativa en USD | D30: Tarifa en USD convertida a pesos colombianos | E30: IVA en COP | F30: Tarifa en USD convertida a pesos colombianos incluido IVA | G30: Tarifa administrativa en USD | H30: Tarifa en USD convertida a pesos colombianos | I30: IVA en COP | J30: Tarifa en USD convertida a pesos colombianos incluido IVA | L30: =J30 -> Tarifa en USD convertida a pesos colombianos incluido IVA | M30: TARIFA EN PESOS - SUBASTA | N30: Tarifa administrativa en USD | O30: Tarifa administrativa en USD | P30: Tarifa en USD convertida a pesos colombianos | Q30: Tarifa en USD convertida a pesos colombianos incluido IVA
B31: Tarifa Administrativa internacional menores o iguales a USD 354 | C31: 15 | D31: =ROUND((C31*$E$27),0) -> 55006 | E31: 0.19 | F31: =ROUND((D31+(D31*E31)),0) -> 65457 | G31: 15 | H31: =ROUND((G31*$E$27),0) -> 55006 | I31: 0.19 | J31: =ROUND((H31+(H31*I31)),0) -> 65457 | L31: =F31*(1-$M$19) -> 42705.134 | M31: =L31 -> 42705.134 | N31: =ROUND(L31/$E$27/1.19,2) -> 9.79 | O31: =M31/$E$27/1.19 -> 9.786223 | P31: =O31*$E$27 -> 35886.667 | Q31: =P31*1.19 -> 42705.134
B32: Tarifa Administrativa internacional mayores de USD 354 hasta USD 590 | C32: 27 | D32: =ROUND((C32*$E$27),0) -> 99011 | E32: 0.19 | F32: =ROUND((D32+(D32*E32)),0) -> 117823 | G32: 27 | H32: =ROUND((G32*$E$27),0) -> 99011 | I32: 0.19 | J32: =ROUND((H32+(H32*I32)),0) -> 117823 | L32: =F32*(1-$M$19) -> 76869.502 | M32: =L32 -> 76869.502 | N32: =ROUND(L32/$E$27/1.19,2) -> 17.62 | O32: =M32/$E$27/1.19 -> 17.615261 | P32: =O32*$E$27 -> 64596.22 | Q32: =P32*1.19 -> 76869.502
B33: Tarifa Administrativa internacional mayores de USD 590 hasta USD 944 | C33: 45 | D33: =ROUND((C33*$E$27),0) -> 165018 | E33: 0.19 | F33: =ROUND((D33+(D33*E33)),0) -> 196371 | G33: 45 | H33: =ROUND((G33*$E$27),0) -> 165018 | I33: 0.19 | J33: =ROUND((H33+(H33*I33)),0) -> 196371 | L33: =F33*(1-$M$19) -> 128115.4 | M33: =L33 -> 128115.4 | N33: =ROUND(L33/$E$27/1.19,2) -> 29.36 | O33: =M33/$E$27/1.19 -> 29.358669 | P33: =O33*$E$27 -> 107660 | Q33: =P33*1.19 -> 128115.4
B34: Tarifa Administrativa internacional mayores a USD 944 | C34: 93 | D34: =ROUND((C34*$E$27),0) -> 341037 | E34: 0.19 | F34: =ROUND((D34+(D34*E34)),0) -> 405834 | G34: 93 | H34: =ROUND((G34*$E$27),0) -> 341037 | I34: 0.19 | J34: =ROUND((H34+(H34*I34)),0) -> 405834 | L34: =F34*(1-$M$19) -> 264772.22 | M34: =L34 -> 264772.22 | N34: =ROUND(L34/$E$27/1.19,2) -> 60.67 | O34: =M34/$E$27/1.19 -> 60.674673 | P34: =O34*$E$27 -> 222497.66 | Q34: =P34*1.19 -> 264772.22
L35: Ajuste Peso | M35: 0.74192955
B36: SUMATORIA TARIFAS ADMINISTRATIVAS TECHO EN COP IVA INCLUIDO | F36: =SUM(F31:F34,G22:G23) -> 924856 | G36: SUMATORIA TARIFAS ADMINISTRATIVAS OFERTADAS EN COP IVA INCLUIDO | J36: =SUM(J31:J34,J22:J23) -> 924856 | L36: TOTAL | M36: =SUM(M31:M34,M22:M23)+M35 -> 603390
B45: FIRMA DEL REPRESENTANTE LEGAL
B46: C.C.

Sheet 2
B3: República de Colombia Instituto Colombiano de Antropología e Historia (ICANH)
B7: Formato de Oferta Económica
B8: Objeto: Suministrar los pasajes aéreos en rutas nacionales e internacionales para los funcionarios, contratistas e invitados especiales del Instituto Colombiano de Antropología e Historia - ICANH; que se requieran en ejercicio de sus funciones y actividades.
B10: EMPRESA: | C10: EUROAMERICAN TRAVEL SAS | E10: NIT: | H10: FECHA:
B11: CONTACTO: | E11: CARGO: | H11: CELULAR:
B12: E-MAIL: | E12: DIRECCIÓN: | H12: TEL. FIJO:
B14: INSTRUCCIONES PARA EL DILIGENCIAMIENTO DEL FORMATO
B15: • Por favor diligenciar solo las celdas en AZUL. • Revisar todos los requerimientos que señalados por la Entidad en los documentos publicados; y formular su propuesta económica en concordancia con éstos, garantizando que los bienes y/o servicios ofrecidos cumplan en su totalidad con las especificaciones técnicas descritas. • Los precios de la propuesta económica para la tarifa administrativa nacional deben diligenciarse en PESOS COLOMBIANOS (COP), los precios para la tarifa administrativa internacional deben diligenciarse en DÓLARES, sin embargo, para efectos de determinar la sumatoria de todas las tarifas en PESOS COLOMBIANOS, los valores en DÓLARES se multiplicarán por la TRM del día 26 de mayo de 2026, siendo el último dato de referencia a la fecha. El valor de la TRM se ubica en la celda E27. Es importante mencionar que durante la ejecución del contrato, la tarifa administrativa Internacional será liquidada a la TRM del día en que se realice la reserva. • Los precios ofertados no podrán exceder los valores unitarios de los Precio Techo establecidos por la entidad. • Los precios deberán aproximarse por exceso o por defecto al entero más cercano así: (i) si es igual o superior a 50 centavos, se aproxima al entero siguiente; (ii) si es inferior a 50 centavos se baja al entero anterior. • No se debe modificar, agregar o quitar ningún ítem o sub-ítem. • Se deben ofertar todos los ítems requeridos por la Entidad establecidos en el presente formato. • Ningún item de la propuesta económica se debe diligenciar en cero (0), so pena de ser rechazada la propuesta.
B17: TARIFA ADMINISTRATIVA NACIONAL PARA TIQUETES EXPEDIDOS A TRAVÉS DE PLATAFORMA TECNOLÓGICA
L19: DESCUENTO
E20: PRECIO TECHO | H20: PRECIO OFERTADO
B21: Tarifa | E21: Tarifa administrativa en COP antes de IVA | F21: IVA en COP | G21: Tarifa administrativa IVA incluido en COP | H21: Tarifa administrativa en COP antes de IVA | I21: IVA en COP | J21: Tarifa administrativa IVA incluido en COP | L21: =J21 -> Tarifa administrativa IVA incluido en COP | M21: TARIFA EN PESOS - SUBASTA
B22: Tarifa Administrativa nacional one way | E22: 43234 | F22: =ROUND(E22*19%,0) -> 8214 | G22: =ROUND((E22+F22),0) -> 51448 | I22: =ROUND(H22*19%,0) -> 0 | J22: =ROUND((H22+I22),0) -> 0 | L22: =G22*(1-$M$19) -> 51448 | M22: =ROUND(L22,0) -> 51448
B23: Tarifa Administrativa nacional round trip | E23: 73885 | F23: =ROUND(E23*19%,0) -> 14038 | G23: =ROUND((E23+F23),0) -> 87923 | I23: =ROUND(H23*19%,0) -> 0 | J23: =ROUND((H23+I23),0) -> 0 | L23: =G23*(1-$M$19) -> 87923 | M23: =ROUND(L23,0) -> 87923
B25: TARIFA ADMINISTRATIVA INTERNACIONAL EXPEDIDOS A TRAVÉS DE PLATAFORMA TECNOLÓGICA
B27: Tasa Representativa del Mercado- TRM del día en que se publique el acto administrativo de apertura del proceso | E27: 3667.06
C29: PRECIO TECHO | G29: PRECIO OFERTADO
B30: Tarifa | C30: Tarifa administrativa en USD | D30: Tarifa en USD convertida a pesos colombianos | E30: IVA en COP | F30: Tarifa en USD convertida a pesos colombianos incluido IVA | G30: Tarifa administrativa en USD | H30: Tarifa en USD convertida a pesos colombianos | I30: IVA en COP | J30: Tarifa en USD convertida a pesos colombianos incluido IVA | L30: =J30 -> Tarifa en USD convertida a pesos colombianos incluido IVA | M30: TARIFA EN PESOS - SUBASTA | N30: Tarifa administrativa en USD
B31: Tarifa Administrativa internacional menores o iguales a USD 354 | C31: 15 | D31: =ROUND((C31*$E$27),0) -> 55006 | E31: 0.19 | F31: =ROUND((D31+(D31*E31)),0) -> 65457 | H31: =ROUND((G31*$E$27),0) -> 0 | I31: 0.19 | J31: =ROUND((H31+(H31*I31)),0) -> 0 | L31: =F31*(1-$M$19) -> 65457 | M31: =ROUND(L31,2) -> 65457 | N31: =ROUND(L31/$E$27/1.19,2) -> 15 | O31: =N31*$E$27 -> 55005.9 | P31: =O31/H31 -> #DIV/0!
B32: Tarifa Administrativa internacional mayores de USD 354 hasta USD 590 | C32: 27 | D32: =ROUND((C32*$E$27),0) -> 99011 | E32: 0.19 | F32: =ROUND((D32+(D32*E32)),0) -> 117823 | H32: =ROUND((G32*$E$27),0) -> 0 | I32: 0.19 | J32: =ROUND((H32+(H32*I32)),0) -> 0 | L32: =F32*(1-$M$19) -> 117823 | M32: =ROUND(L32,2) -> 117823 | N32: =ROUND(L32/$E$27/1.19,2) -> 27 | O32: =N32*$E$27 -> 99010.62 | P32: =O32/H32 -> #DIV/0!
B33: Tarifa Administrativa internacional mayores de USD 590 hasta USD 944 | C33: 45 | D33: =ROUND((C33*$E$27),0) -> 165018 | E33: 0.19 | F33: =ROUND((D33+(D33*E33)),0) -> 196371 | H33: =ROUND((G33*$E$27),0) -> 0 | I33: 0.19 | J33: =ROUND((H33+(H33*I33)),0) -> 0 | L33: =F33*(1-$M$19) -> 196371 | M33: =ROUND(L33,2) -> 196371 | N33: =ROUND(L33/$E$27/1.19,2) -> 45 | O33: =N33*$E$27 -> 165017.7 | P33: =O33/H33 -> #DIV/0!
B34: Tarifa Administrativa internacional mayores a USD 944 | C34: 93 | D34: =ROUND((C34*$E$27),0) -> 341037 | E34: 0.19 | F34: =ROUND((D34+(D34*E34)),0) -> 405834 | H34: =ROUND((G34*$E$27),0) -> 0 | I34: 0.19 | J34: =ROUND((H34+(H34*I34)),0) -> 0 | L34: =F34*(1-$M$19) -> 405834 | M34: =ROUND(L34,2) -> 405834 | N34: =ROUND(L34/$E$27/1.19,2) -> 93 | O34: =N34*$E$27 -> 341036.58 | P34: =O34/H34 -> #DIV/0!
B36: SUMATORIA TARIFAS ADMINISTRATIVAS TECHO EN COP IVA INCLUIDO | F36: =SUM(F31:F34,G22:G23) -> 924856 | G36: SUMATORIA TARIFAS ADMINISTRATIVAS OFERTADAS EN COP IVA INCLUIDO | J36: N/A | M36: =SUM(M31:M34,M22:M23) -> 924856
B38: OFERTA NO CUMPLE REQUISITOS HABILITANTES TECNICOS - VER EVALUACION TECNICA PARA MAS DETALLES
B45: FIRMA DEL REPRESENTANTE LEGAL
B46: C.C.

Sheet 3
B3: República de Colombia Instituto Colombiano de Antropología e Historia (ICANH)
B7: Formato de Oferta Económica
B8: Objeto: Suministrar los pasajes aéreos en rutas nacionales e internacionales para los funcionarios, contratistas e invitados especiales del Instituto Colombiano de Antropología e Historia - ICANH; que se requieran en ejercicio de sus funciones y actividades.
B10: EMPRESA: | C10: FESTIVAL TOURS SAS | E10: NIT: | F10: 800.193.221-0 | H10: FECHA:
B11: CONTACTO: | C11: ADOLFO MARIN | E11: CARGO: | F11: REPRESENTANTE LEGAL | H11: CELULAR:
B12: E-MAIL: | C12: contratos@festivaltour.co | E12: DIRECCIÓN: | F12: CRA 13 #40A-25 | H12: TEL. FIJO:
B14: INSTRUCCIONES PARA EL DILIGENCIAMIENTO DEL FORMATO
B15: • Por favor diligenciar solo las celdas en AZUL. • Revisar todos los requerimientos que señalados por la Entidad en los documentos publicados; y formular su propuesta económica en concordancia con éstos, garantizando que los bienes y/o servicios ofrecidos cumplan en su totalidad con las especificaciones técnicas descritas. • Los precios de la propuesta económica para la tarifa administrativa nacional deben diligenciarse en PESOS COLOMBIANOS (COP), los precios para la tarifa administrativa internacional deben diligenciarse en DÓLARES, sin embargo, para efectos de determinar la sumatoria de todas las tarifas en PESOS COLOMBIANOS, los valores en DÓLARES se multiplicarán por la TRM del día 26 de mayo de 2026, siendo el último dato de referencia a la fecha. El valor de la TRM se ubica en la celda E27. Es importante mencionar que durante la ejecución del contrato, la tarifa administrativa Internacional será liquidada a la TRM del día en que se realice la reserva. • Los precios ofertados no podrán exceder los valores unitarios de los Precio Techo establecidos por la entidad. • Los precios deberán aproximarse por exceso o por defecto al entero más cercano así: (i) si es igual o superior a 50 centavos, se aproxima al entero siguiente; (ii) si es inferior a 50 centavos se baja al entero anterior. • No se debe modificar, agregar o quitar ningún ítem o sub-ítem. • Se deben ofertar todos los ítems requeridos por la Entidad establecidos en el presente formato. • Ningún item de la propuesta económica se debe diligenciar en cero (0), so pena de ser rechazada la propuesta.
B17: TARIFA ADMINISTRATIVA NACIONAL PARA TIQUETES EXPEDIDOS A TRAVÉS DE PLATAFORMA TECNOLÓGICA
L19: DESCUENTO | M19: =1-(94000/F36) -> 0.89836256
E20: PRECIO TECHO | H20: PRECIO OFERTADO
B21: Tarifa | E21: Tarifa administrativa en COP antes de IVA | F21: IVA en COP | G21: Tarifa administrativa IVA incluido en COP | H21: Tarifa administrativa en COP antes de IVA | I21: IVA en COP | J21: Tarifa administrativa IVA incluido en COP | L21: =J21 -> Tarifa administrativa IVA incluido en COP | M21: TARIFA EN PESOS - SUBASTA
B22: Tarifa Administrativa nacional one way | E22: 43234 | F22: =ROUND(E22*19%,0) -> 8214 | G22: =ROUND((E22+F22),0) -> 51448 | H22: 38910 | I22: =ROUND(H22*19%,0) -> 7393 | J22: =ROUND((H22+I22),0) -> 46303 | L22: =G22*(1-$M$19) -> 5229.0432 | M22: =ROUND(L22,0) -> 5229
B23: Tarifa Administrativa nacional round trip | E23: 73885 | F23: =ROUND(E23*19%,0) -> 14038 | G23: =ROUND((E23+F23),0) -> 87923 | H23: 66496 | I23: =ROUND(H23*19%,0) -> 12634 | J23: =ROUND((H23+I23),0) -> 79130 | L23: =G23*(1-$M$19) -> 8936.269 | M23: =ROUND(L23,0) -> 8936
B25: TARIFA ADMINISTRATIVA INTERNACIONAL EXPEDIDOS A TRAVÉS DE PLATAFORMA TECNOLÓGICA
B27: Tasa Representativa del Mercado- TRM del día en que se publique el acto administrativo de apertura del proceso | E27: 3667.06
C29: PRECIO TECHO | G29: PRECIO OFERTADO
B30: Tarifa | C30: Tarifa administrativa en USD | D30: Tarifa en USD convertida a pesos colombianos | E30: IVA en COP | F30: Tarifa en USD convertida a pesos colombianos incluido IVA | G30: Tarifa administrativa en USD | H30: Tarifa en USD convertida a pesos colombianos | I30: IVA en COP | J30: Tarifa en USD convertida a pesos colombianos incluido IVA | L30: =J30 -> Tarifa en USD convertida a pesos colombianos incluido IVA | M30: TARIFA EN PESOS - SUBASTA | N30: Tarifa administrativa en USD | O30: Tarifa administrativa en USD | P30: Tarifa en USD convertida a pesos colombianos | Q30: Tarifa en USD convertida a pesos colombianos incluido IVA
B31: Tarifa Administrativa internacional menores o iguales a USD 354 | C31: 15 | D31: =ROUND((C31*$E$27),0) -> 55006 | E31: 0.19 | F31: =ROUND((D31+(D31*E31)),0) -> 65457 | G31: 14 | H31: =ROUND((G31*$E$27),0) -> 51339 | I31: 0.19 | J31: =ROUND((H31+(H31*I31)),0) -> 61093 | L31: =F31*(1-$M$19) -> 6652.8822 | M31: =L31 -> 6652.8822 | N31: =ROUND(L31/$E$27/1.19,2) -> 1.52 | O31: =M31/$E$27/1.19 -> 1.5245612 | P31: =O31*$E$27 -> 5590.6573 | Q31: =P31*1.19 -> 6652.8822
B32: Tarifa Administrativa internacional mayores de USD 354 hasta USD 590 | C32: 27 | D32: =ROUND((C32*$E$27),0) -> 99011 | E32: 0.19 | F32: =ROUND((D32+(D32*E32)),0) -> 117823 | G32: 26 | H32: =ROUND((G32*$E$27),0) -> 95344 | I32: 0.19 | J32: =ROUND((H32+(H32*I32)),0) -> 113459 | L32: =F32*(1-$M$19) -> 11975.229 | M32: =L32 -> 11975.229 | N32: =ROUND(L32/$E$27/1.19,2) -> 2.74 | O32: =M32/$E$27/1.19 -> 2.7442194 | P32: =O32*$E$27 -> 10063.217 | Q32: =P32*1.19 -> 11975.229
B33: Tarifa Administrativa internacional mayores de USD 590 hasta USD 944 | C33: 45 | D33: =ROUND((C33*$E$27),0) -> 165018 | E33: 0.19 | F33: =ROUND((D33+(D33*E33)),0) -> 196371 | G33: 45 | H33: =ROUND((G33*$E$27),0) -> 165018 | I33: 0.19 | J33: =ROUND((H33+(H33*I33)),0) -> 196371 | L33: =F33*(1-$M$19) -> 19958.647 | M33: =L33 -> 19958.647 | N33: =ROUND(L33/$E$27/1.19,2) -> 4.57 | O33: =M33/$E$27/1.19 -> 4.5736835 | P33: =O33*$E$27 -> 16771.972 | Q33: =P33*1.19 -> 19958.647
B34: Tarifa Administrativa internacional mayores a USD 944 | C34: 93 | D34: =ROUND((C34*$E$27),0) -> 341037 | E34: 0.19 | F34: =ROUND((D34+(D34*E34)),0) -> 405834 | G34: 92 | H34: =ROUND((G34*$E$27),0) -> 337370 | I34: 0.19 | J34: =ROUND((H34+(H34*I34)),0) -> 401470 | L34: =F34*(1-$M$19) -> 41247.93 | M34: =L34 -> 41247.93 | N34: =ROUND(L34/$E$27/1.19,2) -> 9.45 | O34: =M34/$E$27/1.19 -> 9.4522932 | P34: =O34*$E$27 -> 34662.126 | Q34: =P34*1.19 -> 41247.93
B36: SUMATORIA TARIFAS ADMINISTRATIVAS TECHO EN COP IVA INCLUIDO | F36: =SUM(F31:F34,G22:G23) -> 924856 | G36: SUMATORIA TARIFAS ADMINISTRATIVAS OFERTADAS EN COP IVA INCLUIDO | J36: =SUM(J31:J34,J22:J23) -> 897826 | M36: =SUM(M31:M34,M22:M23) -> 93999.688
B45: FIRMA DEL REPRESENTANTE LEGAL
B46: C.C.

Sheet 4
B3: República de Colombia Instituto Colombiano de Antropología e Historia (ICANH)
B7: Formato de Oferta Económica
B8: Objeto: Suministrar los pasajes aéreos en rutas nacionales e internacionales para los funcionarios, contratistas e invitados especiales del Instituto Colombiano de Antropología e Historia - ICANH; que se requieran en ejercicio de sus funciones y actividades.
B10: EMPRESA: | C10: JE TOURS | E10: NIT: | F10: 800.177.456-7 | H10: FECHA: | I10: 24 JUNIO DE 2026
B11: CONTACTO: | C11: LEONARDO RODRIGUEZ | E11: CARGO: | F11: LIDER CORPORATIVO | H11: CELULAR: | I11: 3041243713 - 313 6922543
B12: E-MAIL: | C12: gerencia.lrincon@jetours.com.co | E12: DIRECCIÓN: | F12: Calle 23 Norte No. 3N-63 Local 01 | H12: TEL. FIJO: | I12: 3041243713 - 313 6922543
B14: INSTRUCCIONES PARA EL DILIGENCIAMIENTO DEL FORMATO
B15: • Por favor diligenciar solo las celdas en AZUL. • Revisar todos los requerimientos que señalados por la Entidad en los documentos publicados; y formular su propuesta económica en concordancia con éstos, garantizando que los bienes y/o servicios ofrecidos cumplan en su totalidad con las especificaciones técnicas descritas. • Los precios de la propuesta económica para la tarifa administrativa nacional deben diligenciarse en PESOS COLOMBIANOS (COP), los precios para la tarifa administrativa internacional deben diligenciarse en DÓLARES, sin embargo, para efectos de determinar la sumatoria de todas las tarifas en PESOS COLOMBIANOS, los valores en DÓLARES se multiplicarán por la TRM del día 26 de mayo de 2026, siendo el último dato de referencia a la fecha. El valor de la TRM se ubica en la celda E27. Es importante mencionar que durante la ejecución del contrato, la tarifa administrativa Internacional será liquidada a la TRM del día en que se realice la reserva. • Los precios ofertados no podrán exceder los valores unitarios de los Precio Techo establecidos por la entidad. • Los precios deberán aproximarse por exceso o por defecto al entero más cercano así: (i) si es igual o superior a 50 centavos, se aproxima al entero siguiente; (ii) si es inferior a 50 centavos se baja al entero anterior. • No se debe modificar, agregar o quitar ningún ítem o sub-ítem. • Se deben ofertar todos los ítems requeridos por la Entidad establecidos en el presente formato. • Ningún item de la propuesta económica se debe diligenciar en cero (0), so pena de ser rechazada la propuesta.
B17: TARIFA ADMINISTRATIVA NACIONAL PARA TIQUETES EXPEDIDOS A TRAVÉS DE PLATAFORMA TECNOLÓGICA
L19: DESCUENTO | M19: 0.90052505
E20: PRECIO TECHO | H20: PRECIO OFERTADO
B21: Tarifa | E21: Tarifa administrativa en COP antes de IVA | F21: IVA en COP | G21: Tarifa administrativa IVA incluido en COP | H21: Tarifa administrativa en COP antes de IVA | I21: IVA en COP | J21: Tarifa administrativa IVA incluido en COP | L21: =J21 -> Tarifa administrativa IVA incluido en COP | M21: TARIFA EN PESOS - SUBASTA
B22: Tarifa Administrativa nacional one way | E22: 43234 | F22: =ROUND(E22*19%,0) -> 8214 | G22: =ROUND((E22+F22),0) -> 51448 | H22: 43234 | I22: =ROUND(H22*19%,0) -> 8214 | J22: =ROUND((H22+I22),0) -> 51448 | L22: =G22*(1-$M$19) -> 5117.787 | M22: =ROUND(L22,0) -> 5118
B23: Tarifa Administrativa nacional round trip | E23: 73885 | F23: =ROUND(E23*19%,0) -> 14038 | G23: =ROUND((E23+F23),0) -> 87923 | H23: 73885 | I23: =ROUND(H23*19%,0) -> 14038 | J23: =ROUND((H23+I23),0) -> 87923 | L23: =G23*(1-$M$19) -> 8746.1356 | M23: =ROUND(L23,0) -> 8746
B25: TARIFA ADMINISTRATIVA INTERNACIONAL EXPEDIDOS A TRAVÉS DE PLATAFORMA TECNOLÓGICA
B27: Tasa Representativa del Mercado- TRM del día en que se publique el acto administrativo de apertura del proceso | E27: 3667.06
C29: PRECIO TECHO | G29: PRECIO OFERTADO
B30: Tarifa | C30: Tarifa administrativa en USD | D30: Tarifa en USD convertida a pesos colombianos | E30: IVA en COP | F30: Tarifa en USD convertida a pesos colombianos incluido IVA | G30: Tarifa administrativa en USD | H30: Tarifa en USD convertida a pesos colombianos | I30: IVA en COP | J30: Tarifa en USD convertida a pesos colombianos incluido IVA | L30: =J30 -> Tarifa en USD convertida a pesos colombianos incluido IVA | M30: TARIFA EN PESOS - SUBASTA | N30: Tarifa administrativa en USD | O30: Tarifa en USD convertida a pesos colombianos | P30: Tarifa en USD convertida a pesos colombianos incluido IVA
B31: Tarifa Administrativa internacional menores o iguales a USD 354 | C31: 15 | D31: =ROUND((C31*$E$27),0) -> 55006 | E31: 0.19 | F31: =ROUND((D31+(D31*E31)),0) -> 65457 | G31: 15 | H31: =ROUND((G31*$E$27),0) -> 55006 | I31: 0.19 | J31: =ROUND((H31+(H31*I31)),0) -> 65457 | L31: =F31*(1-$M$19) -> 6511.3315 | M31: =ROUND(L31,2) -> 6511.33 | N31: =L31/$E$27/1.19 -> 1.4921237 | O31: =N31*$E$27 -> 5471.7071 | P31: =O31*1.19 -> 6511.3315
B32: Tarifa Administrativa internacional mayores de USD 354 hasta USD 590 | C32: 27 | D32: =ROUND((C32*$E$27),0) -> 99011 | E32: 0.19 | F32: =ROUND((D32+(D32*E32)),0) -> 117823 | G32: 27 | H32: =ROUND((G32*$E$27),0) -> 99011 | I32: 0.19 | J32: =ROUND((H32+(H32*I32)),0) -> 117823 | L32: =F32*(1-$M$19) -> 11720.436 | M32: =ROUND(L32,2) -> 11720.44 | N32: =L32/$E$27/1.19 -> 2.6858318 | O32: =N32*$E$27 -> 9849.1063 | P32: =O32*1.19 -> 11720.436
B33: Tarifa Administrativa internacional mayores de USD 590 hasta USD 944 | C33: 45 | D33: =ROUND((C33*$E$27),0) -> 165018 | E33: 0.19 | F33: =ROUND((D33+(D33*E33)),0) -> 196371 | G33: 45 | H33: =ROUND((G33*$E$27),0) -> 165018 | I33: 0.19 | J33: =ROUND((H33+(H33*I33)),0) -> 196371 | L33: =F33*(1-$M$19) -> 19533.994 | M33: =ROUND(L33,2) -> 19533.99 | N33: =L33/$E$27/1.19 -> 4.4763711 | O33: =N33*$E$27 -> 16415.121 | P33: =O33*1.19 -> 19533.994
B34: Tarifa Administrativa internacional mayores a USD 944 | C34: 93 | D34: =ROUND((C34*$E$27),0) -> 341037 | E34: 0.19 | F34: =ROUND((D34+(D34*E34)),0) -> 405834 | G34: 93 | H34: =ROUND((G34*$E$27),0) -> 341037 | I34: 0.19 | J34: =ROUND((H34+(H34*I34)),0) -> 405834 | L34: =F34*(1-$M$19) -> 40370.315 | M34: =ROUND(L34,2) -> 40370.31 | N34: =L34/$E$27/1.19 -> 9.2511806 | O34: =N34*$E$27 -> 33924.634 | P34: =O34*1.19 -> 40370.315
B36: SUMATORIA TARIFAS ADMINISTRATIVAS TECHO EN COP IVA INCLUIDO | F36: =SUM(F31:F34,G22:G23) -> 924856 | G36: SUMATORIA TARIFAS ADMINISTRATIVAS OFERTADAS EN COP IVA INCLUIDO | J36: =SUM(J31:J34,J22:J23) -> 924856 | M36: =SUM(M31:M34,M22:M23) -> 92000.07
B45: FIRMA DEL REPRESENTANTE LEGAL
B46: C.C.

Sheet Configuración
A1: Subasta | B1: SASIE-ICANH-001-2026 (Presentación de oferta)_Subasta electrónica
A2: Entidad Estatal | B2: ICANH
A3: Código de mercado | B3: GovCo
A4: Código de idioma | B4: es-CO
A5: Fecha de inicio | B5: 07/07/2026 11:30:00 (UTC -05:00:00)
A6: Fecha fin | B6: 07/07/2026 12:17:00 (UTC -05:00:00)
A7: Moneda | B7: COP
A8: Tipo de subasta | B8: Descendente
A9: Versión de subasta | B9: Por lista
A10: Total de digitos | B10: 20
A11: Total de decimales | B11: 2
A12: Subasta de prueba | B12: No
A13: Opciones de Configuración
A14: Configurar tiempo extra | B14: Sí
A15: Lances abajo del mejor lance | B15: No
A16: Lances permitidos | B16: Mejores lances para todos los lances
A17: Configurar manualmente tiempo extra | B17: No
A18: Permitir arranque manual | B18: No
A19: Ocultar último lance | B19: No

Sheet Proveedores online
A1: Nombre | B1: Contacto | C1: Correo electrónico | D1: Número de Lances | E1: NIT | F1: Acceso Directo (Next)
A2: FESTIVAL TOURS SAS | B2: 6012882998 | C2: administracion@festivaltours.co | D2: 9 | E2: 800193221 | F2: https://www.secop.gov.co/PRODCCEDirectory/Profile/700160021
A3: JE TOURS | B3: 6680221 | C3: gerencia.lrincon@jetours.com.co | D3: 9 | E3: 800177456 | F3: https://www.secop.gov.co/PRODCCEDirectory/Profile/705420123
A4: NOVATOURS LTDA | B4: 7940525 | C4: licitaciones1@novatours.co | D4: 1 | E4: 8000034428 | F4: https://www.secop.gov.co/PRODCCEDirectory/Profile/700144066

Sheet Último Lance
A1: Lote/ Linea | B1: Unidad | C1: Cantidades | D1: Valor Inicial | E1: FESTIVAL TOURS SAS | F1: JE TOURS | G1: NOVATOURS LTDA | H1: Mejor Lance | I1: Proveedor | J1: Ahorros Valor Inicial/ Valor Final | K1: Ahorros % Valor Inicial/ Valor Final
A2: Suministrar los pasajes aéreos en rutas nacionales e internacionales para los funcionarios, contratistas e invitados especiales del Instituto Colombiano de Antropología e Historia - ICANH; que se requieran en ejercicio de sus funciones y actividades | B2: UN | C2: 1 | D2: 421.195.645,00 COP | E2: 421.195.645,00 COP | F2: 421.195.645,00 COP | G2: 421.195.645,00 COP | H2: 421.195.645,00 COP | I2: JE TOURS | J2: 0,00 COP | K2: 0 %
A3: Tarifas administrativas | B3: UN | C3: 1 | D3: 924.856,00 COP | E3: 94.000,00 COP | F3: 92.000,00 COP | G3: 603.390,00 COP | H3: 92.000,00 COP | I3: JE TOURS | J3: -832.856,00 COP | K3: 90.05 %
D5: 924856 | E5: 94000 | F5: 92000 | G5: 603390 | H5: 92000
E6: =1-(E5/D5) -> 0.89836256 | F6: =1-(F5/$D$5) -> 0.90052505 | G6: =1-(G5/$D$5) -> 0.34758492

Sheet Registro de lances
A1: Referencia | B1: Descripción | C1: Unidad | D1: Cantidades | E1: Valor Inicial | F1: Proveedor | G1: Proveedor (Usuario) | H1: Fecha | I1: Lance | J1: Ahorros (Unidad) | K1: Ahorros (Total) | L1: Ahorros (%) | M1: Primer Lance | N1: Delta Primer Lance/ Último Lance | O1: Delta Primer Lance/ Último Lance (Total) | P1: Delta % Primer Lance/ Último Lance
A2: 1 | B2: Suministrar los pasajes aéreos en rutas nacionales e internacionales para los funcionarios, contratistas e invitados especiales del Instituto Colombiano de Antropología e Historia - ICANH; que se requieran en ejercicio de sus funciones y actividades | C2: UN | D2: 1 | E2: 421.195.645,00 COP | F2: JE TOURS | G2: Luz Stella Rincon Lizcano | H2: 07/07/2026 12:15:40 | I2: 421.195.645,00 COP | J2: 0,00 COP | K2: 0,00 COP | L2: 0 % | M2: 421.195.645,00 COP | N2: 0,00 COP | O2: 0,00 COP | P2: 0.00 %
A3: 1 | B3: Suministrar los pasajes aéreos en rutas nacionales e internacionales para los funcionarios, contratistas e invitados especiales del Instituto Colombiano de Antropología e Historia - ICANH; que se requieran en ejercicio de sus funciones y actividades | C3: UN | D3: 1 | E3: 421.195.645,00 COP | F3: FESTIVAL TOURS SAS | G3: Julian Marin Salgado | H3: 07/07/2026 12:13:49 | I3: 421.195.645,00 COP | J3: 0,00 COP | K3: 0,00 COP | L3: 0 % | M3: 421.195.645,00 COP | N3: 0,00 COP | O3: 0,00 COP | P3: 0.00 %
A4: 1 | B4: Suministrar los pasajes aéreos en rutas nacionales e internacionales para los funcionarios, contratistas e invitados especiales del Instituto Colombiano de Antropología e Historia - ICANH; que se requieran en ejercicio de sus funciones y actividades | C4: UN | D4: 1 | E4: 421.195.645,00 COP | F4: JE TOURS | G4: Luz Stella Rincon Lizcano | H4: 07/07/2026 12:12:51 | I4: 421.195.645,00 COP | J4: 0,00 COP | K4: 0,00 COP | L4: 0 % | M4: 421.195.645,00 COP | N4: 0,00 COP | O4: 0,00 COP | P4: 0.00 %
A5: 1 | B5: Suministrar los pasajes aéreos en rutas nacionales e internacionales para los funcionarios, contratistas e invitados especiales del Instituto Colombiano de Antropología e Historia - ICANH; que se requieran en ejercicio de sus funciones y actividades | C5: UN | D5: 1 | E5: 421.195.645,00 COP | F5: FESTIVAL TOURS SAS | G5: Julian Marin Salgado | H5: 07/07/2026 12:10:23 | I5: 421.195.645,00 COP | J5: 0,00 COP | K5: 0,00 COP | L5: 0 % | M5: 421.195.645,00 COP | N5: 0,00 COP | O5: 0,00 COP | P5: 0.00 %
A6: 1 | B6: Suministrar los pasajes aéreos en rutas nacionales e internacionales para los funcionarios, contratistas e invitados especiales del Instituto Colombiano de Antropología e Historia - ICANH; que se requieran en ejercicio de sus funciones y actividades | C6: UN | D6: 1 | E6: 421.195.645,00 COP | F6: JE TOURS | G6: Luz Stella Rincon Lizcano | H6: 07/07/2026 12:09:36 | I6: 421.195.645,00 COP | J6: 0,00 COP | K6: 0,00 COP | L6: 0 % | M6: 421.195.645,00 COP | N6: 0,00 COP | O6: 0,00 COP | P6: 0.00 %
A7: 1 | B7: Suministrar los pasajes aéreos en rutas nacionales e internacionales para los funcionarios, contratistas e invitados especiales del Instituto Colombiano de Antropología e Historia - ICANH; que se requieran en ejercicio de sus funciones y actividades | C7: UN | D7: 1 | E7: 421.195.645,00 COP | F7: FESTIVAL TOURS SAS | G7: Julian Marin Salgado | H7: 07/07/2026 12:07:49 | I7: 421.195.645,00 COP | J7: 0,00 COP | K7: 0,00 COP | L7: 0 % | M7: 421.195.645,00 COP | N7: 0,00 COP | O7: 0,00 COP | P7: 0.00 %
A8: 1 | B8: Suministrar los pasajes aéreos en rutas nacionales e internacionales para los funcionarios, contratistas e invitados especiales del Instituto Colombiano de Antropología e Historia - ICANH; que se requieran en ejercicio de sus funciones y actividades | C8: UN | D8: 1 | E8: 421.195.645,00 COP | F8: JE TOURS | G8: Luz Stella Rincon Lizcano | H8: 07/07/2026 12:07:24 | I8: 421.195.645,00 COP | J8: 0,00 COP | K8: 0,00 COP | L8: 0 % | M8: 421.195.645,00 COP | N8: 0,00 COP | O8: 0,00 COP | P8: 0.00 %
A9: 1 | B9: Suministrar los pasajes aéreos en rutas nacionales e internacionales para los funcionarios, contratistas e invitados especiales del Instituto Colombiano de Antropología e Historia - ICANH; que se requieran en ejercicio de sus funciones y actividades | C9: UN | D9: 1 | E9: 421.195.645,00 COP | F9: FESTIVAL TOURS SAS | G9: Julian Marin Salgado | H9: 07/07/2026 12:06:53 | I9: 421.195.645,00 COP | J9: 0,00 COP | K9: 0,00 COP | L9: 0 % | M9: 421.195.645,00 COP | N9: 0,00 COP | O9: 0,00 COP | P9: 0.00 %
A10: 1 | B10: Suministrar los pasajes aéreos en rutas nacionales e internacionales para los funcionarios, contratistas e invitados especiales del Instituto Colombiano de Antropología e Historia - ICANH; que se requieran en ejercicio de sus funciones y actividades | C10: UN | D10: 1 | E10: 421.195.645,00 COP | F10: JE TOURS | G10: Luz Stella Rincon Lizcano | H10: 07/07/2026 12:06:34 | I10: 421.195.645,00 COP | J10: 0,00 COP | K10: 0,00 COP | L10: 0 % | M10: 421.195.645,00 COP | N10: 0,00 COP | O10: 0,00 COP | P10: 0.00 %
A11: 1 | B11: Suministrar los pasajes aéreos en rutas nacionales e internacionales para los funcionarios, contratistas e invitados especiales del Instituto Colombiano de Antropología e Historia - ICANH; que se requieran en ejercicio de sus funciones y actividades | C11: UN | D11: 1 | E11: 421.195.645,00 COP | F11: FESTIVAL TOURS SAS | G11: Julian Marin Salgado | H11: 07/07/2026 12:03:59 | I11: 421.195.645,00 COP | J11: 0,00 COP | K11: 0,00 COP | L11: 0 % | M11: 421.195.645,00 COP | N11: 0,00 COP | O11: 0,00 COP | P11: 0.00 %
A12: 1 | B12: Suministrar los pasajes aéreos en rutas nacionales e internacionales para los funcionarios, contratistas e invitados especiales del Instituto Colombiano de Antropología e Historia - ICANH; que se requieran en ejercicio de sus funciones y actividades | C12: UN | D12: 1 | E12: 421.195.645,00 COP | F12: JE TOURS | G12: Luz Stella Rincon Lizcano | H12: 07/07/2026 12:03:27 | I12: 421.195.645,00 COP | J12: 0,00 COP | K12: 0,00 COP | L12: 0 % | M12: 421.195.645,00 COP | N12: 0,00 COP | O12: 0,00 COP | P12: 0.00 %
A13: 1 | B13: Suministrar los pasajes aéreos en rutas nacionales e internacionales para los funcionarios, contratistas e invitados especiales del Instituto Colombiano de Antropología e Historia - ICANH; que se requieran en ejercicio de sus funciones y actividades | C13: UN | D13: 1 | E13: 421.195.645,00 COP | F13: FESTIVAL TOURS SAS | G13: Julian Marin Salgado | H13: 07/07/2026 12:01:16 | I13: 421.195.645,00 COP | J13: 0,00 COP | K13: 0,00 COP | L13: 0 % | M13: 421.195.645,00 COP | N13: 0,00 COP | O13: 0,00 COP | P13: 0.00 %
... A39: 1 | B39: Tarifas administrativas | C39: UN | D39: 1 | E39: 924.856,00 COP | F39: FESTIVAL TOURS SAS | G39: Julian Marin Salgado | H39: 07/07/2026 11:33:12 | I39: 897.826,00 COP | J39: 27.030,00 COP | K39: 27.030,00 COP | L39: 2.92 % | M39: 897.826,00 COP | N39: 0,00 COP | O39: 0,00 COP | P39: 0.00 %

Sheet Mensajes
A1: Fecha | B1: Remitente | C1: Destinatario | D1: Mensaje
